 Dungeon Crawl Stone Soup version 0.31-a0-236-g9a0961fb85 (webtiles) character file.

Game seed: 8847753107315740980

231 Shard1697 the Chopper (level 6, 0/51 HPs)
             Began as a Meteoran Fighter on July 10, 2023.
             Was a Follower of Okawaru.
             Slain by Crazy Yiuf
             ... wielding a +4 quarterstaff of chaos
              (12 damage)
             ... on level 3 of the Dungeon.
             The game lasted 00:02:56 (656 turns).

Shard1697 the Chopper (Meteoran Fighter)             Turns: 656, Time: 00:02:57

Health: 0/51       AC:  6    Str: 19    XL:     6   Next: 49%
Magic:  9/9        EV:  9    Int: 10    God:    Okawaru [*.....]
Gold:   88         SH:  5    Dex: 14    Spells: 5/5 levels left

rFire   . . .        a - +0 war axe
rCold   . . .        c - +0 buckler
rNeg    . . .        b - +0 scale mail
rPois   .            (no helmet)
rElec   .            (no cloak)
rCorr   .            (no gloves)
SInv    .            (no boots)
Will    +....        (no amulet) Stlth
                     h - ring of willpower
HPRegen 0.28/turn    (no ring)
MPRegen 0.11/turn

%: no passive effects
@: glowing
A: sense surroundings 1, otherworldly, glowing, explore regen
a: Renounce Religion, Heroism


You were on level 3 of the Dungeon.
You worshipped Okawaru.
Okawaru was aware of your devotion.
You visited 1 branch of the dungeon, and saw 3 of its levels.

You collected 88 gold pieces.

Inventory:

Hand Weapons
 a - a +0 war axe (weapon)
Armour
 b - a +0 scale mail (worn)
 c - a +0 buckler (worn)
Jewellery
 h - a ring of willpower (left hand)
Scrolls
 f - a scroll of identify {unknown}
 g - a scroll of teleportation {unknown}
 i - a scroll of noise {unknown}
Potions
 d - a potion of might
 j - a potion of degeneration {unknown}
 k - a potion of heal wounds {unknown}


   Skills:
 * Level 3.5 Fighting
 * Level 6.2 Axes
 - Level 3.6 Armour
 - Level 3.6 Shields
 + Level 3.6 Invocations


You had 5 spell levels left.
You didn't know any spells.
Your spell library contained the following spells:

 Spells                   Type           Power      Damage    Failure   Level
 Apportation              Tloc           0%         N/A       80%         1
 Necrotise                Necr           0%         1d4       80%         1
 Summon Small Mammal      Summ           Unusable   N/A       N/A         1

Dungeon Overview and Level Annotations

Branches:
Dungeon (3/15) Zot: 1116

Altars:
Okawaru

Annotations:
D:3 Crazy Yiuf


Innate Abilities, Weirdness & Mutations

You passively map a small area around you.
You are easily found by Zot.
You glow in the dark.
You regain HP and MP as you explore.


Message History

Crazy Yiuf shouts!
You open the door. You slash Crazy Yiuf!
Crazy Yiuf is heavily wounded.
Crazy Yiuf hits you with a +4 quarterstaff of chaos.
You are poisoned.
You barely miss Crazy Yiuf.
Crazy Yiuf is heavily wounded.
You feel very sick.
Crazy Yiuf hits you with a +4 quarterstaff of chaos!
You barely miss Crazy Yiuf.
Crazy Yiuf is heavily wounded.
You feel sick.
Crazy Yiuf hits you with a +4 quarterstaff of chaos!
Crazy Yiuf burns you.
You completely miss Crazy Yiuf.
Crazy Yiuf is heavily wounded.
You feel sick. You block Crazy Yiuf's attack.
Crazy Yiuf hits you with a +4 quarterstaff of chaos!
* * * LOW HITPOINT WARNING * * *
You are more poisoned.
It was a potion of curing.
You feel better. Crazy Yiuf barely misses you.
You hit Crazy Yiuf.
Crazy Yiuf is heavily wounded.
Crazy Yiuf hits you with a +4 quarterstaff of chaos!
Crazy Yiuf burns you.
* * * LOW HITPOINT WARNING * * *
You barely miss Crazy Yiuf.
Crazy Yiuf is heavily wounded.
You block Crazy Yiuf's attack.
You closely miss Crazy Yiuf.
Crazy Yiuf is heavily wounded.
Crazy Yiuf hits you with a +4 quarterstaff of chaos!
* * * LOW HITPOINT WARNING * * *
You feel better.
Crazy Yiuf says, "Shadow koolooloo testudinal!"
Crazy Yiuf hits you with a +4 quarterstaff of chaos.
* * * LOW HITPOINT WARNING * * *
You are electrocuted!
You die...

, ,
#..#..........
, ,
,#<###....#####
, ### #....# ,
, ♣...♣♣ , , **
♣.PP♣ ♣♣.♣♣ *
♣.♣♣ * ♣♣.♣ * ,
* ♣@♣♣ , , ♣♣g♣
,* , *#'# ...
#...# , , #..)#
* ##### * * , *
* * ,


You could see Crazy Yiuf.

Vanquished Creatures
  Sigmund (D:2)
  3 adders (D:2)
  2 worms (D:2)
  4 dart slugs
  3 orcs (D:3)
  A ball python (D:1)
  3 bats
  5 endoplasms
  A giant cockroach (D:1)
  2 goblins (D:1)
  2 hobgoblins
  4 kobolds (D:2)
  2 quokkas (D:1)
  A frilled lizard (D:1)
  2 rats
36 creatures vanquished.

Notes
Turn   | Place    | Note
-------+----------+-------------------------------------------
     0 | D:1      | Shard1697 the Meteoran Fighter began the quest for the Orb.
     0 | D:1      | Reached XP level 1. HP: 19/19 MP: 2/2
    19 | D:1      | Found a faded altar of an unknown god.
    33 | D:1      | Reached skill level 3 in Axes
    33 | D:1      | Reached XP level 2. HP: 24/26 MP: 3/3
    50 | D:1      | Prayed at the altar of an unknown god.
    50 | D:1      | Became a worshipper of Warmaster Okawaru
    50 | D:1      | Reached * piety under Okawaru
   118 | D:1      | Reached XP level 3. HP: 31/31 MP: 4/4
   265 | D:2      | Reached skill level 4 in Axes
   268 | D:2      | Reached skill level 1 in Invocations
   369 | D:2      | Noticed Sigmund
   376 | D:2      | Reached XP level 4. HP: 24/38 MP: 3/6
   377 | D:2      | Killed Sigmund
   378 | D:2      | Reached skill level 6 in Axes
   378 | D:2      | Reached XP level 5. HP: 29/45 MP: 3/8
   378 | D:2      | Reached XP level 6. HP: 33/51 MP: 3/9
   642 | D:3      | Found a runed translucent door.
   643 | D:3      | Noticed Crazy Yiuf
   656 | D:3      | Slain by Crazy Yiuf

Illustrated notes

Levels and vault maps discovered:
D:1:      grunt_arrival_lava_bath, layout_basic,
          chequers_ecumenical_altar_simple
D:2:      layout_loops_ring, kennysheep_generic_room_7, uniq_sigmund
D:3:      layout_basic, nicolae_overflow_hidden_temple, minmay_misc_feat_cross,
          uniq_crazy_yiuf_cottage

Skill      XL: |  1  2  3  4 |
---------------+-------------+-----
Axes           | 3 4 6 |  6.2
Invocations    | 1 3 |  3.6
Fighting       | |  3.5
Armour         | |  3.6
Shields        | |  3.6

Action                     |  1- 3 |  4- 6 || total
---------------------------+-------+-------++-------
  Melee: War axe           |    53 |    40 ||    93
 Invoke: Heroism           |     1 |       ||     1
    Use: Potion            |       |     2 ||     2
 Armour: Scale mail        |    20 |    16 ||    36
  Dodge: Dodged            |    14 |    10 ||    24
  Block: Buckler           |    10 |    14 ||    24

Table legend: (Time is in decaauts)
 A = Elapsed time spent in this place.
 B = Non-inter-level travel time spent in this place.
 C = Inter-level travel time spent in this place.
 D = Time resting spent in this place.
 E = Time spent auto-exploring this place.
 F = Levels seen in this place.
 G = Mean time per level.
                   A        B        C        D        E       F      G
               +--------+--------+--------+--------+--------+-----+--------+
         Total |    682 |    655 |     27 |      0 |      6 |   3 |  227.3 |
       Dungeon |    682 |    655 |     27 |      0 |      6 |   3 |  227.3 |
               +--------+--------+--------+--------+--------+-----+--------+

Top non-repeatable levels by time:
     D:2: 361 daAuts
     D:1: 278 daAuts
     D:3: 42 daAuts
